Map: New Repugnancy LE

Players

HenryIV

  • Race: Zerg Zerg
  • League: Diamond
  • Spawn Location: 7:00

FLiqZ - Winner!

  • Race: Zerg Zerg
  • League: Diamond
  • Spawn Location: 1:00

VOD

Have the link to the VOD?

Description

Time

  • Played on: July 14, 2019, 8:03 p.m.
  • Length: 23:32
Show
View Real Time Build Order
Export as new Build Order

HenryIV Zerg 

Build Orders: Pool First 

Get SALT Encoding   

  12  0:11  Overlord  
  12  0:14  Extractor  
  12  0:16  Drone  
  13  0:23  Drone  
  14  0:31  Drone  
  14  0:33  Drone  
  16  0:43  Drone  
  17  0:51  Spawning Pool  
  17  0:55  Drone  
  17  1:16  Hatchery  
  16  1:19  Drone  
  16  1:22  Extractor  
  16  1:33  Evolution Chamber  
  16  1:38  Queen  
  17  1:53  Zergling x4  
  19  1:56  Overlord  
  19  2:14  Queen  
  21  2:26  Metabolic Boost  
  21  2:28  Drone x3  
  24  2:46  Baneling Nest  
  23  3:02  Zergling x8  
  27  3:20  Zergling x2  
  27  3:21  Zergling x2  
  27  3:24  Zergling x6  
  32  3:37  Spine Crawler  
  31  3:51  Baneling x2  
  31  3:52  Baneling  
  30  3:56  Zergling x2  
  30  3:57  Zergling x8  
  35  4:03  Baneling  
  35  4:04  Baneling x3  
  35  4:09  Overlord  
  26  4:43  Zergling x12  
  26  4:44  Zergling x8  
  30  4:50  Zergling x2  
  31  4:53  Zergling x2  
  32  5:01  Baneling x4  
  23  5:30  Zergling x4  
  23  5:31  Zergling x10  
  23  5:33  Baneling  
  30  5:44  Baneling x2  
  30  5:45  Baneling x2  
  30  5:50  Drone x2  
  30  6:12  Zergling x8  
  30  6:13  Zergling x2  
  35  6:28  Baneling x2  
  35  6:35  Drone x2  
  35  6:36  Baneling x2  
  35  6:37  Baneling  
  37  6:53  Baneling  
  37  6:54  Baneling  
  37  7:28  Zergling x16  
  37  7:29  Zergling x4  
  41  7:38  Drone x3  
  41  7:41  Overlord  
  39  8:05  Drone x4  
  43  8:06  Lair  
  43  8:12  Roach Warren  
  42  8:28  Spine Crawler  
  42  8:29  Spine Crawler  
  42  8:31  Spine Crawler  
  39  8:42  Zergling x2  
  39  8:43  Zergling x6  
  43  9:09  Roach x5  
  46  9:17  Glial Reconstitution  
  46  9:18  Extractor  
  44  9:43  Drone x6  
  44  9:44  Drone  
  51  9:54  Overlord  
  51  10:12  Drone, Spire  
  44  10:32  Drone x3  
  44  10:33  Extractor, Drone x3  
  49  10:44  Drone x5  
  49  10:45  Drone x2  
  49  10:47  Extractor  
  55  10:53  Overseer  
  55  11:00  Drone  
  55  11:01  Drone x2  
  55  11:02  Overlord  
  58  11:15  Overlord  
  58  11:37  Mutalisk  
  58  11:38  Mutalisk x4  
  68  11:42  Overlord  
  68  11:43  Overlord  
  68  12:00  Mutalisk x2  
  68  12:01  Mutalisk  
  72  12:04  Hatchery  
  72  12:07  Extractor  
  72  12:08  Extractor  
  72  12:11  Overlord  
  71  12:23  Overlord  
  71  12:25  Mutalisk x2  
  71  12:28  Zerg Flyer Weapons Level 1  
  75  12:41  Centrifical Hooks, Evolution Chamber  
  75  12:43  Drone x2  
  75  12:44  Drone x2  
  78  13:08  Zerg Missile Weapons Level 1  
  78  13:34  Mutalisk x4  
  78  13:35  Mutalisk x2  
  78  13:40  Overlord x2  
  90  13:42  Drone x4  
  90  13:43  Drone x2  
  96  13:48  Evolution Chamber  
  96  13:52  Spine Crawler x2  
  96  13:54  Spine Crawler  
  92  13:59  Pneumatized Carapace  
  92  14:27  Drone  
  92  14:28  Drone x5  
  91  14:36  Drone x4  
  93  14:46  Drone  
  93  14:47  Drone x3  
  97  14:55  Spine Crawler  
  96  15:03  Zerg Melee Weapons Level 1  
  96  15:12  Zergling x14  
  96  15:13  Zergling x2  
  92  15:20  Spine Crawler  
  90  15:21  Spine Crawler  
  90  15:23  Queen  
  90  15:24  Spine Crawler  
  90  15:25  Spine Crawler  
  90  15:26  Zergling x6  
  92  15:42  Spine Crawler, Zerg Ground Armor Level 1  
  91  15:43  Spine Crawler  
  91  15:44  Spine Crawler  
  89  16:10  Mutalisk x5  
  99  16:41  Drone x3  
  99  16:42  Drone x2  
  99  16:43  Drone x3  
  107  16:53  Spine Crawler x2  
  105  16:56  Spine Crawler  
  105  16:58  Spine Crawler  
  103  17:03  Zerg Flyer Weapons Level 2  
  103  17:27  Queen  
  105  17:35  Hatchery  
  103  17:45  Zerg Missile Weapons Level 2  
  103  17:46  Zerg Ground Armor Level 2  
  103  17:55  Baneling x8  
  103  17:56  Baneling  
  82  18:21  Zergling x2  
  82  18:22  Zergling x26  
  88  18:30  Baneling x2  
  86  18:43  Baneling x2  
  86  18:44  Baneling x6  
  86  18:45  Baneling x2  
  86  18:46  Baneling  
  86  18:47  Baneling x6  
  43  19:29  Roach  
  43  19:30  Roach x5  
  54  19:58  Roach x4  
  54  19:59  Roach  
  64  20:20  Roach x2  
  68  20:42  Overseer  
  68  20:49  Ravager x5  
  74  20:50  Ravager x4  
  67  21:47  Roach x7  
  57  22:08  Roach  
  59  22:56  Roach x4  
  59  22:57  Roach  
Show
View Real Time Build Order
Export as new Build Order

FLiqZ Zerg - Winner!

Build Orders: Hatch First, Zergling Baneling 

Get SALT Encoding   

  12  0:00  Drone  
  13  0:12  Overlord  
  13  0:16  Drone  
  14  0:30  Drone x2  
  16  0:50  Hatchery  
  16  0:53  Drone  
  16  0:57  Drone  
  16  1:01  Drone  
  18  1:11  Extractor  
  18  1:17  Spawning Pool  
  16  1:20  Drone  
  16  1:24  Drone  
  18  1:28  Drone  
  19  1:52  Overlord, Drone  
  20  2:03  Queen  
  20  2:04  Queen  
  20  2:05  Zergling x2  
  20  2:07  Zergling x2  
  26  2:14  Drone  
  26  2:15  Drone  
  28  2:26  Metabolic Boost  
  28  2:30  Zergling x2  
  28  2:31  Zergling x2  
  28  2:34  Drone  
  28  2:35  Drone  
  32  2:50  Drone x2  
  34  3:00  Overlord  
  34  3:01  Drone  
  35  3:13  Overlord  
  35  3:16  Overlord x2  
  35  3:25  Baneling Nest, Zergling x4  
  35  3:26  Hatchery  
  35  3:31  Zergling x4  
  35  3:32  Zergling x2  
  39  3:34  Zergling x2  
  39  3:49  Zergling x2  
  39  3:50  Zergling x12  
  42  4:01  Spine Crawler  
  41  4:03  Zergling x6  
  41  4:09  Baneling x2  
  44  4:10  Baneling  
  44  4:16  Zergling x6  
  42  4:41  Zergling x8  
  43  4:50  Zergling x4  
  45  4:53  Baneling  
  45  4:55  Baneling x4  
  45  5:03  Baneling x3  
  45  5:05  Zergling x2  
  45  5:06  Zergling x4  
  47  5:10  Drone  
  42  5:17  Zergling x2  
  43  5:26  Baneling  
  43  5:27  Zergling x8  
  43  5:28  Zergling x6  
  42  5:38  Drone  
  42  5:39  Drone x4  
  47  5:45  Drone  
  47  5:46  Evolution Chamber  
  47  5:47  Roach Warren  
  47  5:48  Baneling x2  
  47  5:49  Baneling x2  
  46  5:57  Drone x5  
  46  5:59  Drone  
  41  6:19  Drone x2  
  41  6:20  Drone x6  
  41  6:21  Drone x3  
  41  6:23  Drone  
  53  6:29  Lair  
  53  6:37  Extractor  
  53  6:39  Extractor  
  51  6:40  Overlord x2  
  51  6:52  Spine Crawler  
  50  6:56  Spine Crawler  
  50  7:01  Roach x4  
  48  7:14  Roach  
  48  7:15  Roach x3  
  56  7:28  Roach  
  56  7:29  Roach x4  
  59  7:35  Roach  
  59  7:36  Roach  
  53  7:46  Roach x2  
  53  7:47  Roach  
  55  8:02  Roach  
  55  8:03  Roach x2  
  61  8:17  Spine Crawler  
  61  8:18  Spine Crawler  
  59  8:21  Roach  
  61  8:37  Roach  
  61  8:39  Spine Crawler x2  
  61  8:42  Queen  
  63  8:51  Queen  
  65  9:08  Roach x4  
  67  9:13  Zergling x2  
  67  9:14  Zergling x2  
  67  9:17  Zergling x2  
  42  9:26  Drone x2  
  44  9:39  Ravager  
  44  9:40  Ravager  
  44  9:42  Zergling x6  
  44  9:45  Baneling  
  49  9:54  Drone x2  
  51  10:01  Ravager  
  51  10:21  Roach  
  51  10:22  Roach x4  
  50  10:31  Zergling x10  
  55  10:50  Ravager  
  55  10:51  Baneling  
  55  10:53  Baneling  
  56  10:58  Drone x2  
  56  10:59  Drone x3  
  56  11:01  Hatchery, Drone  
  61  11:05  Ravager  
  61  11:06  Ravager  
  63  11:12  Baneling x2  
  63  11:14  Baneling  
  63  11:23  Drone x2  
  65  11:35  Zerg Missile Weapons Level 1  
  65  11:49  Roach  
  65  11:50  Roach x4  
  75  11:59  Baneling  
  75  12:00  Baneling  
  75  12:01  Baneling  
  75  12:11  Overlord x2  
  75  12:12  Overlord x2  
  75  12:23  Spine Crawler, Drone x5  
  75  12:24  Drone x2  
  75  12:29  Overseer  
  81  12:32  Ravager x2  
  81  12:44  Drone x3  
  81  12:45  Drone x6  
  90  12:57  Spore Crawler  
  89  12:58  Spore Crawler  
  89  12:59  Spore Crawler  
  89  13:00  Spore Crawler  
  89  13:02  Spore Crawler  
  89  13:03  Spore Crawler  
  82  13:07  Spore Crawler  
  81  13:13  Spore Crawler  
  81  13:19  Spore Crawler  
  73  13:32  Zergling x26  
  86  13:44  Drone x3  
  86  13:46  Drone  
  86  13:48  Overlord x2  
  90  14:02  Spire  
  89  14:06  Hydralisk Den  
  89  14:11  Zergling x2  
  89  14:12  Zergling x18  
  83  14:30  Zergling x2  
  83  14:31  Zergling x18  
  68  14:39  Grooved Spines  
  68  14:41  Hydralisk  
  68  14:42  Hydralisk  
  72  14:48  Zerg Ground Armor Level 1, Glial Reconstitution  
  67  14:57  Hydralisk  
  67  14:58  Hydralisk x3  
  70  15:09  Extractor  
  70  15:10  Drone x2  
  70  15:11  Drone x4  
  70  15:12  Extractor  
  72  15:14  Drone  
  72  15:18  Drone x5  
  70  15:22  Extractor  
  70  15:27  Hydralisk  
  70  15:28  Hydralisk x2  
  71  15:34  Queen  
  77  15:36  Zergling x2  
  77  15:37  Zergling x2  
  79  15:50  Zergling x16  
  79  15:51  Muscular Augments  
  87  16:01  Hydralisk x2  
  87  16:02  Hydralisk x2  
  87  16:03  Zergling x2  
  96  16:17  Hydralisk  
  96  16:18  Hydralisk x4  
  97  16:23  Baneling x7  
  97  16:24  Baneling  
  104  16:26  Hydralisk  
  106  16:37  Overlord  
  106  16:38  Overlord x3  
  106  16:55  Hydralisk x3  
  106  16:58  Hatchery  
  111  17:09  Hydralisk  
  111  17:10  Hydralisk x4  
  121  17:23  Zergling x2  
  121  17:24  Zergling x6  
  125  17:34  Spore Crawler  
  125  17:35  Spore Crawler  
  125  17:36  Spore Crawler  
  122  17:53  Hydralisk x6  
  134  17:59  Hatchery  
  133  18:18  Hydralisk  
  133  18:19  Hydralisk x6  
  129  18:24  Baneling x5  
  129  18:25  Baneling x3  
  130  18:28  Hydralisk  
  130  18:31  Zergling x2  
  133  18:45  Hydralisk x4  
  135  18:59  Hydralisk  
  123  19:08  Hydralisk  
  123  19:09  Hydralisk x3  
  88  19:23  Zergling x2  
  79  19:24  Zergling x2  
  74  19:36  Hydralisk  
  74  19:37  Hydralisk x2  
  80  19:39  Spore Crawler x2  
  80  19:40  Spore Crawler  
  80  19:41  Spore Crawler  
  75  19:55  Drone  
  75  19:56  Drone x7  
  83  20:11  Drone x3  
  83  20:12  Drone x3  
  83  20:13  Drone  
  90  20:15  Drone  
  91  20:23  Extractor  
  91  20:27  Extractor  
  89  20:32  Drone  
  89  20:33  Hydralisk  
  89  20:34  Hydralisk x3  
  98  20:51  Drone x3  
  101  20:57  Hydralisk  
  101  20:59  Spine Crawler  
  101  21:04  Zerg Missile Weapons Level 2  
  102  21:05  Hatchery  
  102  21:08  Zergling x2  
  102  21:09  Zergling x4  
  93  21:23  Hydralisk x3  
  99  21:29  Drone x3  
  99  21:42  Hydralisk  
  99  21:43  Hydralisk x2  
  101  22:03  Hydralisk x5  
  111  22:14  Hydralisk  
  111  22:15  Hydralisk  
  115  22:16  Zergling x4  
  115  22:20  Baneling x4  
  117  22:37  Drone x5  
  117  22:38  Drone  
  121  22:48  Spore Crawler  
  121  22:51  Spore Crawler  
  113  22:54  Hydralisk x3  
  113  22:55  Hydralisk  
  105  23:07  Hydralisk x4  
Tags
 
Add a new tag
Caveats
  • Supply blocks, unpowered buildings, or Contaminate may cause inaccurate times.
  • Supply counts are checked every 10 seconds.